 Dungeon Crawl Stone Soup version 0.19.1 (webtiles) character file.

130 lorenzova the Conjurer (level 4, -9/24 HPs)
             Began as a Deep Elf Conjurer on Nov 25, 2016.
             Killed by nerve-wracking pain
             ... invoked by Grinder
              (11 damage)
             ... on level 3 of the Dungeon.
             The game lasted 00:06:15 (1983 turns).

lorenzova the Conjurer (Deep Elf Conjurer)          Turns: 1983, Time: 00:06:15

Health: -9/24      AC:  2    Str:  5    XL:     4   Next: 89%
Magic:  4/13       EV: 13    Int: 21    God:
Gold:   122        SH:  0    Dex: 15    Spells: 2 memorised, 8 levels left

rFire  . . .     SeeInvis .     k - +0 dagger (venom)
rCold  . . .     Gourm    .     a - +0 robe
rNeg   . . .     Faith    .     (no shield)
rPois  +         Spirit   .     (no helmet)
rElec  .         Reflect  .     (no cloak)
rCorr  +         Harm     .     (no gloves)
MR     .....                    (no boots)
Stlth  ++........               (no amulet)
                                o - ring of resist corrosion
                                n - ring of poison resistance

@: no status effects
A: no striking features
a: no special abilities


You were on level 3 of the Dungeon.
You were not hungry.

You visited 1 branch of the dungeon, and saw 3 of its levels.

You collected 122 gold pieces.

Inventory:

Hand Weapons
 j - a +0 long sword
 k - a +0 dagger of venom (weapon)
Armour
 a - a +0 robe (worn)
Jewellery
 n - a ring of poison resistance (left hand)
 o - a ring of resist corrosion (right hand)
Wands
 m - a wand of paralysis (13/24)
Scrolls
 d - 3 scrolls of noise {unknown}
 e - 3 scrolls of teleportation {unknown}
 i - 4 scrolls of identify {unknown}
Potions
 f - a potion of degeneration {unknown}
 l - a potion of ambrosia {unknown}
Books
 b - a book of Conjurations

   Spells                             Type                      Level
   a - Magic Dart                     Conjuration                  1
   b - Searing Ray                    Conjuration                  2
   c - Dazzling Spray                 Conjuration/Hexes            3
   d - Fulminant Prism                Conjuration/Hexes            4
   e - Iskenderun's Mystic Blast      Conjuration                  4
   f - Iskenderun's Battlesphere      Conjuration/Charms           5
Comestibles
 c - 2 bread rations
 g - 3 meat rations
 h - a beef jerky
 p - 3 chunks of flesh


   Skills:
 - Level 2.4 Dodging
 - Level 2.4 Stealth
 + Level 5.4 Spellcasting
 + Level 5.6 Conjurations


You had 8 spell levels left.
You knew the following spells:

 Your Spells              Type           Power        Failure   Level  Hunger
a - Magic Dart            Conj           ####         1%          1    None
b - Iskenderun's Mystic   Conj           ####....     12%         4    ####...


Dungeon Overview and Level Annotations

Branches:
Dungeon (3/15)

Altars:

Annotations:
D:3 Grinder


Message History

Casting: Magic Dart
Confirm with . or Enter, or press ? or * to list all spells.
Aiming: Magic Dart
Press: ? - help, Shift-Dir - straight line, f/p - Grinder
Aim: Grinder (severely wounded)
The magic dart hits Grinder.
Grinder is severely wounded.
Grinder gestures at you. Pain shoots through your body!
* * * LOW HITPOINT WARNING * * *
Casting: Magic Dart
Confirm with . or Enter, or press ? or * to list all spells.
Aiming: Magic Dart
Press: ? - help, Shift-Dir - straight line, f/p - Grinder
Aim: Grinder (severely wounded)
The magic dart hits Grinder.
Grinder is almost dead.
Grinder gestures at you. Pain shoots through your body!
You die...

#. #..# #.####..#
#.......# #.......#
#.......# #.......#
#######.#..#..#
...........#..#
....†..@##.#.)#
######.....#..####.#
##.####..<....# #.5
#..###### ##. #..#
.. #..# #. #..#
)##..# ...#


You could see Grinder.

Vanquished Creatures
  Ijyb (D:2)
  Terence (D:2)
  Natasha (D:2)
  An adder (D:2)
  An orc (D:3)
  3 giant cockroaches
  5 goblins
  5 hobgoblins
  5 jackals
  5 kobolds
  6 bats
  3 frilled lizards
  4 rats
41 creatures vanquished.

Vanquished Creatures (others)
  A bat (D:1)
1 creature vanquished.

Grand Total: 42 creatures vanquished

Notes
Turn   | Place    | Note
-------+----------+-------------------------------------------
     0 | D:1      | lorenzova the Deep Elf Conjurer began the quest for the Orb.
     0 | D:1      | Reached XP level 1. HP: 10/10 MP: 6/6
   223 | D:1      | Reached XP level 2. HP: 14/15 MP: 3/8
   967 | D:2      | Reached skill level 5 in Conjurations
   967 | D:2      | Reached XP level 3. HP: 17/19 MP: 3/10
  1017 | D:2      | Noticed Terence
  1265 | D:2      | Noticed Ijyb
  1280 | D:2      | Killed Ijyb
  1280 | D:2      | Reached XP level 4. HP: 24/24 MP: 0/12
  1315 | D:2      | Learned a level 4 spell: Iskenderun's Mystic Blast
  1530 | D:2      | Killed Terence
  1530 | D:2      | Reached skill level 5 in Spellcasting
  1591 | D:2      | Noticed Natasha
  1595 | D:2      | Killed Natasha
  1964 | D:3      | Noticed Grinder
  1971 | D:3      | Paralysed by Grinder for 3 turns
  1983 | D:3      | Killed from afar by Grinder

Skill      XL: |  1  2  3  4 |
---------------+-------------+-----
Spellcasting   | 4 5 |  5.4
Conjurations   | 5 |  5.6
Dodging        | |  2.4
Stealth        | |  2.4

Action                   |  1- 3 |  4- 6 || total
-------------------------+-------+-------++-------
Melee: Dagger            |     1 |     1 ||     2
       Long sword        |     1 |       ||     1
 Cast: Magic Dart        |    68 |    35 ||   103
 Stab: Sleeping          |       |     1 ||     1
  Eat: Chunk             |       |     3 ||     3
Armor: Robe              |     2 |       ||     2
Dodge: Dodged            |    14 |     5 ||    19
